 Dungeon Crawl Stone Soup version 0.30-a0-777-ga9a30cbeda (webtiles) character file.

Game seed: 5378449565986564944

2796 Flugslaktarn the Chopper (level 9, -1/75 HPs)
             Began as a Demigod Fighter on Feb 13, 2023.
             Slain by a two-headed ogre
             ... wielding a +0 giant spiked club
              (10 damage)
             ... on level 9 of the Dungeon.
             The game lasted 00:04:06 (6127 turns).

Flugslaktarn the Chopper (Demigod Fighter)          Turns: 6127, Time: 00:04:06

Health: -1/75      AC: 14    Str: 25    XL:     9   Next: 20%
Magic:  11/11      EV: 11    Int: 10    God:
Gold:   328        SH:  5    Dex: 21    Spells: 8/8 levels left

rFire   . . .      SeeInvis .    w - +2 war axe (heavy)
rCold   . . .      Faith    .    c - +0 buckler
rNeg    . . .      Spirit   .    n - +0 chain mail
rPois   .          Reflect  .    p - +0 helmet
rElec   .          Harm     .    x - +1 cloak
rCorr   .          Rampage  .    (no gloves)
Will    +....                    a - +0 pair of boots Stlth
                                 z - amulet of the acrobat
HPRegen 0.32/turn                g - +6 ring of dexterity
MPRegen 0.12/turn                m - ring of willpower

@: no status effects
A: high MP 1, forlorn, divine attributes, hooves 1, clumsy 1
a: no special abilities


You were on level 9 of the Dungeon.
You visited 1 branch of the dungeon, and saw 8 of its levels.
You also visited: Ossuary.

You collected 410 gold pieces.
You spent 82 gold pieces at shops.

Inventory:

Hand Weapons
 w - a +2 heavy war axe (weapon)
   (You found it on level 3 of the Dungeon)
Missiles
 C - 2 throwing nets (quivered)
Armour
 a - a +0 pair of boots (worn)
   (You found it on level 2 of the Dungeon)
 c - a +0 buckler (worn)
 n - a +0 chain mail (worn)
   (You took it off an orc warrior on level 6 of the Dungeon)
 p - a +0 helmet (worn)
   (You took it off Robin on level 3 of the Dungeon)
 x - a +1 cloak (worn)
   (You took it off Crazy Yiuf on level 3 of the Dungeon)
Jewellery
 g - a +6 ring of dexterity (left hand)
   (You found it on level 1 of the Dungeon)
 i - a ring of see invisible
   (You found it on level 5 of the Dungeon)
 k - a ring of resist corrosion
   (You found it on level 4 of the Dungeon)
 m - a ring of willpower (right hand)
   (You found it on level 1 of the Dungeon)
 z - an amulet of the acrobat (around neck)
   (You found it on level 3 of the Dungeon)
Wands
 s - a wand of roots (1)
   (You took it off Robin on level 3 of the Dungeon)
 G - a wand of mindburst (12)
   (You found it on level 5 of the Dungeon)
Scrolls
 b - a scroll of brand weapon
 e - 2 scrolls of immolation
 f - a scroll of fear
 l - 3 scrolls of magic mapping
 o - a scroll of enchant armour
 t - 5 scrolls of teleportation
 y - a scroll of butterflies
 B - a scroll of vulnerability
 D - a scroll of silence
Potions
 d - a potion of might
 h - a potion of brilliance
 j - a potion of lignification
 q - 7 potions of curing
 u - a potion of ambrosia {unknown}
 v - a potion of resistance {unknown}
 A - a potion of haste {unknown}
 E - a potion of magic
 F - a potion of mutation
 H - a potion of flight
 J - a potion of heal wounds {unknown}


   Skills:
 + Level 6.0 Fighting
 * Level 7.8 Axes
 + Level 6.0 Armour
 + Level 5.0 Dodging
 - Level 2.6 Shields


You had 8 spell levels left.
You didn't know any spells.
Your spell library was empty.

Dungeon Overview and Level Annotations

Branches:
Dungeon (7/15)             Temple (0/1) D:6         Ossuary (visited)

Shops:
D:6 *


Innate Abilities, Weirdness & Mutations

You have an increased reservoir of magic. (+10% MP)
You shall have no god before yourself.
Your divine heritage dramatically boosts your attributes as you level up.
You have large cloven feet.
You are clumsy. (Dex -2)


Message History

As you read the scroll labelled QYKELOVVAY, it crumbles to dust.
Your body is wracked with pain!
It was a scroll of torment.
Unknown command.
You start resting.
HP restored.
You open the door.
There is an open door here.
Found a mace.
Found a ring mail.
Done exploring.
Done exploring.
Done exploring.
(D) Dungeon (T) Temple
Where to? (Enter - D:6, ? - help)
You see here a +0 cloak.
There is a stone staircase leading down here.
You climb downwards.
There is a stone staircase leading up here.
Unknown command.
It was a potion of magic.
Magic courses through your body.
It was a potion of flight.
You feel very buoyant.
You fly up into the air.
Okay, then.
It was a potion of lignification.
You turn into a tree.
Your +1 cloak melds into your body.
Your +0 helmet melds into your body.
Your +0 pair of boots melds into your body.
Your +0 chain mail melds into your body.
Your roots penetrate the ground.
You start resting.
A shadow imp comes into view.
A shadow imp is nearby!
You catch the helpless shadow imp completely off-guard!
You slice the shadow imp!!
You kill the shadow imp!
Your Armour skill increases to level 6!
No target in view!
No target in view!
You start resting.
Your transformation is almost over.
HP restored.
You feel less wooden.
Your +1 cloak unmelds from your body.
Your +0 helmet unmelds from your body.
Your +0 pair of boots unmelds from your body.
Your +0 chain mail unmelds from your body.
You start waiting.
Done waiting.
An orc comes into view. It is wielding a +0 club.
The orc shouts!
The orc moves out of view.
An orc is nearby!
An orc is nearby!
An orc is nearby!
You slice the orc!!
You kill the orc!
No target in view!
No target in view!
No target in view!
No target in view!
No target in view!
No target in view!
No target in view!
Found a sling.
Found a stone staircase leading down.
A sourceless malevolence fills the Dungeon...
You fall into a shaft and drop 2 floors!
The shaft crumbles and collapses.
The orc shouts!
You hear a shout! x5
An orc priest comes into view. It is wielding a +0 club.
An orc comes into view. It is wielding a +0 short sword.
An orc comes into view. It is wielding a +0 hand axe.
There are monsters nearby!
There are monsters nearby!
An orc comes into view. It is wielding a +0 short sword.
The orc priest shouts!
You hear a shout! x3
An orc priest comes into view. It is wielding a +0 flail of pain.
An orc priest comes into view. It is wielding a +0 flail.
You hear a shout!
You hear a shout! x4
You hear a shout!
A two-headed ogre comes into view.
It is wielding a +0 giant spiked club and a +0 giant club.
The two-headed ogre completely misses you. x2
You barely miss the two-headed ogre.
The two-headed ogre hits you with a +0 giant spiked club!!
The two-headed ogre hits you with a +0 giant club!!
You hit the two-headed ogre.
The two-headed ogre is lightly wounded.
The two-headed ogre hits you with a +0 giant spiked club!!
* * * LOW HITPOINT WARNING * * *
The two-headed ogre closely misses you.
You hit the two-headed ogre.
The two-headed ogre is lightly wounded.
You barely miss the orc. The orc hits you but does no damage.
The two-headed ogre hits you but does no damage.
The two-headed ogre misses you.
You closely miss the orc. You slash the two-headed ogre!
You block the orc's attack. The orc hits you but does no damage.
The two-headed ogre hits you with a +0 giant spiked club!
You die...

#
....###########
......O@o.o.o.#
....#########o#
. #..# #..#
8o.# .o..#
oo8..# .oo#..#
.oo.#..#


You could see a two-headed ogre, an orc priest and 3 orcs.

Vanquished Creatures
  Grinder (D:3)
  Sigmund (D:2)
  A steam dragon (D:6)
  A water moccasin (D:6)
  2 ice beasts
  An orc warrior (D:6)
  An ogre (D:6)
  2 phantoms
  An elf zombie (Ossuary)
  4 scorpions
  2 necrophages (D:6)
  A water moccasin zombie (D:5)
  4 wights
  A howler monkey (D:5)
  2 bullfrog zombies (D:5)
  A centaur zombie (Ossuary)
  An orc priest (D:6)
  3 hounds
  3 human zombies (Ossuary)
  Crazy Yiuf (D:3)
  A gnoll bouda (D:5)
  A bullfrog skeleton (D:5)
  Jessica (D:2)
  3 iguanas
  3 orc wizards
  A hound zombie (D:5)
  4 mummies
  Robin (D:3)
  6 gnolls
  9 adders
  2 shadow imps
  2 adder zombies (Ossuary)
  An adder skeleton (D:5)
  2 worms
  5 dart slugs
  13 orcs
  10 ball pythons
  8 endoplasms
  4 giant cockroaches
  A gnoll zombie (Ossuary)
  15 goblins
  11 hobgoblins
  6 kobolds
  8 quokkas
  9 bats
  4 frilled lizards
  5 goblin zombies (Ossuary)
  3 hobgoblin zombies
  4 jackal zombies (Ossuary)
  2 kobold zombies (Ossuary)
  An orc zombie (Ossuary)
  7 quokka zombies (Ossuary)
  9 rats
  4 rat zombies (Ossuary)
200 creatures vanquished.

Vanquished Creatures (others)
  3 withered plants (D:5)
3 creatures vanquished.

Grand Total: 203 creatures vanquished

Notes
Turn   | Place    | Note
-------+----------+-------------------------------------------
     0 | D:1      | Flugslaktarn the Demigod Fighter began the quest for the
                  | Orb.
     0 | D:1      | Reached XP level 1. HP: 18/18 MP: 3/3
    81 | D:1      | Reached skill level 2 in Axes
   189 | D:1      | Reached XP level 2. HP: 25/25 MP: 4/4
   667 | D:1      | Reached XP level 3. HP: 31/31 MP: 5/5
   766 | D:2      | Noticed Jessica
   768 | D:2      | Killed Jessica
   791 | D:2      | Reached skill level 3 in Axes
  1036 | D:2      | Reached XP level 4. HP: 38/38 MP: 6/6
  1065 | D:2      | Noticed Sigmund
  1081 | D:2      | Killed Sigmund
  1082 | D:2      | Reached skill level 1 in Dodging
  1082 | D:2      | Reached XP level 5. HP: 43/46 MP: 7/7
  1266 | D:2      | Reached skill level 4 in Axes
  1549 | D:3      | Noticed Robin
  1563 | D:3      | Killed Robin
  1859 | D:3      | Reached XP level 6. HP: 52/52 MP: 8/8
  1968 | D:3      | Noticed Grinder
  1978 | D:3      | Paralysed by Grinder for 3 turns
  1984 | D:3      | Killed Grinder
  2128 | D:3      | Found a runed translucent door.
  2129 | D:3      | Noticed Crazy Yiuf
  2547 | D:3      | Killed Crazy Yiuf
  2674 | D:4      | Gained mutation: Your movements are slightly less
                  | encumbered by armour. (ER -2) [potion of mutation]
  2674 | D:4      | Lost mutation: Your movements are slightly less encumbered
                  | by armour. (ER -2) [potion of mutation]
  2674 | D:4      | Gained mutation: You are clumsy. (Dex -2) [potion of
                  | mutation]
  2674 | D:4      | Gained mutation: You have large cloven feet. [potion of
                  | mutation]
  2713 | D:4      | Reached skill level 5 in Axes
  2713 | D:4      | Reached XP level 7. HP: 47/59 MP: 9/9
  3456 | D:5      | Entered Level 5 of the Dungeon
  3649 | D:5      | Reached skill level 6 in Axes
  3649 | D:5      | Reached XP level 8. HP: 54/67 MP: 10/10
  3734 | D:5      | Reached skill level 5 in Fighting
  3790 | D:5      | Reached skill level 5 in Armour
  4454 | D:6      | Found a sand-covered staircase.
  4462 | Ossuary  | Entered an ossuary
  4539 | Ossuary  | Reached skill level 7 in Axes
  5104 | D:6      | Reached XP level 9. HP: 58/75 MP: 11/11
  5330 | D:6      | Found a staircase to the Ecumenical Temple.
  5591 | D:6      | Reached skill level 5 in Dodging
  5700 | D:6      | Found Askaac's Assorted Antiques.
  5708 | D:6      | Bought a scroll labelled WAD GOMASCH for 22 gold pieces
  5708 | D:6      | Bought an inky potion for 19 gold pieces
  5708 | D:6      | Bought a scroll labelled QYKELOVVAY for 22 gold pieces
  5708 | D:6      | Bought an emerald potion for 19 gold pieces
  6114 | D:7      | You fall into a shaft and drop 2 floors!
  6120 | D:9      | Noticed a two-headed ogre
  6127 | D:9      | Slain by a two-headed ogre

Illustrated notes

Levels and vault maps discovered:
D:1:      dpeg_arrival_erosion, layout_loops_ring,
          chequers_ecumenical_altar_lobes
D:2:      layout_loops_ring, uniq_jessica, uniq_sigmund
D:3:      layout_basic, uniq_crazy_yiuf_cottage, uniq_robin, uniq_grinder
D:4:      layout_basic
D:5:      layout_cave_pools, serial_undead, serial_undead_f, serial_undead_b,
          serial_undead_a, serial_undead_c, gup_sewer_entry_glass,
          minmay_crossroads
D:6:      layout_loops_ring, minmay_temple_entry_purple_smoke,
          nicolae_ossuary_entry_giza, serial_shops, kennysheep_little_box
D:7:      layout_loops_cross
D:9:      kennysheep_six_static_rooms, layout_rooms, david_orc_5

Skill      XL: |  1  2  3  4  5  6  7  8  9 |
---------------+----------------------------+-----
Axes           | 2 3 4 5 6 7 |  7.8
Fighting       | 3 4 5 6 |  6.0
Armour         | 3 4 5 6 |  6.0
Dodging        | 1 2 3 4 5 |  5.0
Shields        | |  2.6

Action                     |  1- 3 |  4- 6 |  7- 9 || total
---------------------------+-------+-------+-------++-------
  Melee: War axe           |   104 |   133 |   251 ||   488
    Use: Potion            |       |     2 |     5 ||     7
         Scroll            |       |     1 |    12 ||    13
   Stab: Distracted        |       |       |     1 ||     1
 Armour: Scale mail        |    72 |    65 |   126 ||   263
         Chain mail        |       |       |    13 ||    13
  Dodge: Dodged            |    57 |    61 |   187 ||   305
  Block: Buckler           |    32 |    36 |    78 ||   146

Table legend: (Time is in decaauts)
 A = Elapsed time spent in this place.
 B = Non-inter-level travel time spent in this place.
 C = Inter-level travel time spent in this place.
 D = Time resting spent in this place.
 E = Time spent auto-exploring this place.
 F = Levels seen in this place.
 G = Mean time per level.
                   A        B        C        D        E       F      G
               +--------+--------+--------+--------+--------+-----+--------+
         Total |   6432 |   6253 |    179 |    973 |   3855 |   9 |  714.7 |
       Dungeon |   6058 |   5879 |    179 |    973 |   3652 |   8 |  757.2 |
       Ossuary |    374 |    374 |      0 |      0 |    203 |   1 |  374.0 |
               +--------+--------+--------+--------+--------+-----+--------+

Top non-repeatable levels by time:
     D:6: 1259 daAuts
     D:3: 1203 daAuts
     D:4: 954 daAuts
     D:5: 910 daAuts
     D:2: 782 daAuts
     D:1: 757 daAuts
 Ossuary: 374 daAuts
     D:7: 175 daAuts
     D:9: 14 daAuts
